TOP OF THE 1ST |
---|
Jersey Shore D-Bags batting - Pitching for Greenville 84s : RHP Mike Horton | Pitching: RHP Mike Horton | | Batting: LHB Juan Hernández | 0-0: Ball 1-0: Ball 2-0: Ball 3-0: Called Strike 3-1: Ground out 6-3 (Groundball, 6MS) | Pitching: LHP Rob Price | | Batting: RHB Ricardo González | 0-0: Ground out 5-3 (Groundball, 5) | Batting: RHB Ben Morton | 0-0: Ball 1-0: Called Strike 1-1: Foul Ball, location: 2F 1-2: Ground out 5-3 (Groundball, 5L) | Top of the 1st over - 0 runs, 0 hits, 0 errors, 0 left on base; Jersey Shore 0 - Greenville 0 | BOTTOM OF THE 1ST |
---|
Greenville 84s batting - Pitching for Jersey Shore D-Bags : RHP Chris Chamberlain | Pitching: RHP Chris Chamberlain | | Batting: RHB Carlos Torres | 0-0: Bunt missed! 0-1: Foul Ball, location: 2F 0-2: Ball 1-2: Ball 2-2: Ball 3-2: Fly out, F4 (Popup, 4S) | Batting: LHB Juan Cortés | 0-0: Ball 1-0: DOUBLE (Flyball, 8LXD) | Batting: LHB Robert Moore | 0-0: Ball 1-0: Foul Ball, location: 2F 1-1: 2-RUN HOME RUN (Flyball, 9LD), Distance : 455 ft | Batting: LHB Jimmy Vickers | 0-0: Foul Ball, location: 2F 0-1: Swinging Strike 0-2: Ball 1-2: Ball 2-2: Strikes out swinging | Batting: RHB Pat Fernández | 0-0: Called Strike 0-1: Swinging Strike 0-2: Ball 1-2: Foul Ball, location: 2F 1-2: Strikes out swinging | Bottom of the 1st over - 2 runs, 2 hits, 0 errors, 0 left on base; Jersey Shore 0 - Greenville 2 | TOP OF THE 2ND |
---|
Jersey Shore D-Bags batting - Pitching for Greenville 84s : LHP Rob Price | Batting: RHB Miguel Serna | 0-0: Called Strike 0-1: Fly out, F9 (Flyball, 89S) | Batting: LHB António Cedeńo | 0-0: DOUBLE (Flyball, 8RXD) | Batting: LHB Ray Bryant | 0-0: Swinging Strike 0-1: Ball 1-1: Swinging Strike 1-2: Ground out 5-3 (Groundball, 5) | Batting: LHB Albert Morgan | 0-0: Ball 1-0: Ball 2-0: Called Strike 2-1: Ball 3-1: Base on Balls | Batting: RHB Mike Ingram | 0-0: Foul Ball, location: 2F 0-1: Ball 1-1: Ball 2-1: Fly out, F7 (Line Drive, 7D) | Top of the 2nd over - 0 runs, 1 hit, 0 errors, 2 left on base; Jersey Shore 0 - Greenville 2 | BOTTOM OF THE 2ND |
---|
Greenville 84s batting - Pitching for Jersey Shore D-Bags : RHP Chris Chamberlain | Batting: RHB Casey Fox | 0-0: Ball 1-0: SINGLE (Line Drive, 34) | Batting: RHB Robert Buckley | 0-0: Ball 1-0: SINGLE (Line Drive, 8LS) Casey Fox to second | Batting: RHB Ramiro Chávez | 0-0: Ball 1-0: Called Strike 1-1: Swinging Strike 1-2: Ground out 6-3 (Groundball, 6S) Casey Fox to third Robert Buckley to second | Batting: LHB Mario Cornelo | 0-0: Called Strike 0-1: Fly out, F7 (Flyball, 7) Runner from 3rd tags up, SCORES, no throw | Batting: RHB Carlos Torres | 0-0: Ball 1-0: Foul Ball, location: 2F 1-1: Ball 2-1: Called Strike 2-2: Foul Ball, location: 2F 2-2: Strikes out swinging | Bottom of the 2nd over - 1 run, 2 hits, 0 errors, 1 left on base; Jersey Shore 0 - Greenville 3 | TOP OF THE 3RD |
---|
Jersey Shore D-Bags batting - Pitching for Greenville 84s : LHP Rob Price | Batting: RHB José Pinto | 0-0: TRIPLE (Flyball, 89XD) | Batting: LHB Juan Hernández | 0-0: Ball 1-0: Foul Ball, location: 2F 1-1: Ball 2-1: Ball 3-1: Called Strike 3-2: Fly out, F7 (Line Drive, 7S) Runner from 3rd tags up, SCORES, no throw | Batting: RHB Ricardo González | 0-0: Ball 1-0: SINGLE (Groundball, 56D) | Batting: RHB Ben Morton | 0-0: Ball 1-0: Ball 2-0: Called Strike 2-1: Ball 3-1: Swinging Strike 3-2: Fly out, F8 (Flyball, 8LM) | Batting: RHB Miguel Serna | 0-0: Ball Passed Ball! Ricardo González to second 1-0: Swinging Strike 1-1: Ball 2-1: Ball 3-1: Fly out, F4 (Line Drive, 4M) | Top of the 3rd over - 1 run, 2 hits, 0 errors, 1 left on base; Jersey Shore 1 - Greenville 3 | BOTTOM OF THE 3RD |
---|
Greenville 84s batting - Pitching for Jersey Shore D-Bags : RHP Chris Chamberlain | Batting: LHB Juan Cortés | 0-0: Ball 1-0: SINGLE (Groundball, 34S) (infield hit) | Batting: LHB Robert Moore | 0-0: Foul Ball, location: 2F 0-1: Foul Ball, location: 2F 0-2: Ball 1-2: Ball 2-2: Foul Ball, location: 2F 2-2: Ball 3-2: 2-RUN HOME RUN (Flyball, 89XD), Distance : 392 ft | Batting: LHB Jimmy Vickers | 0-0: Ball 1-0: Ball 2-0: Called Strike 2-1: Ball 3-1: Ground out 5-3 (Groundball, 5) | Batting: RHB Pat Fernández | 0-0: Ball 1-0: Ground out 4-3 (Groundball, 4) | Batting: RHB Casey Fox | 0-0: Foul Ball, location: 2F 0-1: Ball 1-1: Called Strike 1-2: Foul Ball, location: 2F 1-2: SINGLE (Line Drive, 89S) | Batting: RHB Robert Buckley | 0-0: Called Strike 0-1: Foul Ball, location: 2F 0-2: Strikes out swinging | Bottom of the 3rd over - 2 runs, 3 hits, 0 errors, 1 left on base; Jersey Shore 1 - Greenville 5 | TOP OF THE 4TH |
---|
Jersey Shore D-Bags batting - Pitching for Greenville 84s : LHP Rob Price | Batting: LHB António Cedeńo | 0-0: Foul Ball, location: 2F 0-1: Ball 1-1: Swinging Strike 1-2: Foul Ball, location: 2F 1-2: Ground out 1-3 (Groundball, 13) | Batting: LHB Ray Bryant | 0-0: Swinging Strike 0-1: Foul Ball, location: 2F 0-2: Ball 1-2: Strikes out looking | Batting: LHB Albert Morgan | 0-0: Called Strike 0-1: SINGLE (Groundball, 4S) (infield hit) | Batting: RHB Mike Ingram | 0-0: Swinging Strike 0-1: Ball 1-1: Foul Ball, location: 2F 1-2: Strikes out swinging | Top of the 4th over - 0 runs, 1 hit, 0 errors, 1 left on base; Jersey Shore 1 - Greenville 5 | BOTTOM OF THE 4TH |
---|
Greenville 84s batting - Pitching for Jersey Shore D-Bags : RHP Chris Chamberlain | Batting: RHB Ramiro Chávez | 0-0: Ball 1-0: Ball 2-0: SINGLE (Groundball, 4MD) | Batting: LHB Mario Cornelo | 0-0: SINGLE (Groundball, 6MD) Ramiro Chávez to second | Batting: RHB Carlos Torres | 0-0: Ball 1-0: Called Strike 1-1: SINGLE (Line Drive, 6M) Ramiro Chávez to third Mario Cornelo to second | Batting: LHB Juan Cortés | 0-0: Swinging Strike 0-1: Foul Ball, location: 2F 0-2: Fly out, F5 (Line Drive, 5S) | Batting: LHB Robert Moore | 0-0: Ball 1-0: Called Strike 1-1: Ball 2-1: Ball 3-1: Base on Balls Ramiro Chávez scores Mario Cornelo to third Carlos Torres to second | Batting: LHB Jimmy Vickers | 0-0: Foul Ball, location: 2F 0-1: Reached on error, E3 (Groundball, 34) Mario Cornelo scores Carlos Torres to third Robert Moore to second | Batting: RHB Pat Fernández | 0-0: Swinging Strike 0-1: Ball 1-1: Ball 2-1: Ball 3-1: Foul Ball, location: 2F 3-2: Strikes out swinging | Batting: RHB Casey Fox | 0-0: Called Strike 0-1: Fly out, F9 (Flyball, 89S) | Bottom of the 4th over - 2 runs, 3 hits, 1 error, 3 left on base; Jersey Shore 1 - Greenville 7 | TOP OF THE 5TH |
---|
Jersey Shore D-Bags batting - Pitching for Greenville 84s : LHP Rob Price | Batting: RHB José Pinto | 0-0: Called Strike 0-1: Swinging Strike 0-2: Ball 1-2: Strikes out swinging | Batting: LHB Juan Hernández | 0-0: Fly out, F7 (Flyball, 78M) | Batting: RHB Ricardo González | 0-0: Ball 1-0: Swinging Strike 1-1: Foul Ball, location: 2F 1-2: Foul Ball, location: 2F 1-2: Ball 2-2: Ball 3-2: Foul Ball, location: 2F 3-2: Foul Ball, location: 2F 3-2: Base on Balls | Batting: RHB Ben Morton | 0-0: SINGLE (Groundball, 4MD) Ricardo González to second | Batting: RHB Miguel Serna | 0-0: Ball 1-0: Ball 2-0: Ball 3-0: Called Strike 3-1: Foul Ball, location: 2F 3-2: Foul Ball, location: 2F 3-2: SINGLE (Groundball, 56D) Ricardo González to third Ben Morton to second Ricardo González scores Ben Morton to third | Pitching: LHP Mario Solíz | | Batting: LHB António Cedeńo | 0-0: Called Strike 0-1: Ball 1-1: Ball 2-1: DOUBLE (Flyball, 78D) Ben Morton scores Miguel Serna to third | Batting: LHB Ray Bryant | 0-0: SINGLE (Line Drive, 56D) Miguel Serna scores António Cedeńo to third Runner from 3rd tries for Home, SAFE, no throw | Batting: LHB Albert Morgan | 0-0: Called Strike 0-1: Ball 1-1: Ground out 3-1 (Groundball, 3L) | Top of the 5th over - 4 runs, 4 hits, 0 errors, 1 left on base; Jersey Shore 5 - Greenville 7 | BOTTOM OF THE 5TH |
---|
Greenville 84s batting - Pitching for Jersey Shore D-Bags : RHP Chris Chamberlain | Batting: RHB Robert Buckley | 0-0: Called Strike 0-1: Ball 1-1: Ball 2-1: Swinging Strike 2-2: DOUBLE (Line Drive, 89D) | Pitching: RHP Barry Garner | | Batting: RHB Ramiro Chávez | 0-0: Called Strike 0-1: Ball 1-1: Foul Ball, location: 2F 1-2: Strikes out swinging | Batting: LHB Mario Cornelo | 0-0: Ball 1-0: Swinging Strike 1-1: Swinging Strike 1-2: Strikes out swinging | Batting: RHB Carlos Torres | 0-0: Foul Ball, location: 2F 0-1: Ball 1-1: Fly out, F8 (Line Drive, 78D) | Bottom of the 5th over - 0 runs, 1 hit, 0 errors, 1 left on base; Jersey Shore 5 - Greenville 7 | TOP OF THE 6TH |
---|
Jersey Shore D-Bags batting - Pitching for Greenville 84s : LHP Mario Solíz | Batting: RHB Mike Ingram | 0-0: Foul Ball, location: 2F 0-1: Called Strike 0-2: Ball 1-2: Strikes out swinging, 2-3 out at first. | Batting: RHB José Pinto | 0-0: Ball 1-0: SINGLE (Groundball, 34D) | Batting: LHB Juan Hernández | 0-0: Ball 1-0: Foul Ball, location: 2F 1-1: Ball 2-1: SINGLE (Line Drive, 56D) José Pinto to second | Batting: RHB Ricardo González | 0-0: Ball 1-0: Ball 2-0: Called Strike 2-1: Ball 3-1: Called Strike 3-2: Foul Ball, location: 2F 3-2: Base on Balls José Pinto to third Juan Hernández to second | Batting: RHB Ben Morton | 0-0: Ball 1-0: Swinging Strike 1-1: Called Strike 1-2: Strikes out swinging | Batting: RHB Miguel Serna | 0-0: Ball 1-0: DOUBLE (Line Drive, 89D) José Pinto scores Juan Hernández scores Ricardo González to third Runner from 3rd tries for Home, SAFE, throw made at trailing runner, OUT at third! | Top of the 6th over - 3 runs, 3 hits, 0 errors, 0 left on base; Jersey Shore 8 - Greenville 7 | BOTTOM OF THE 6TH |
---|
Greenville 84s batting - Pitching for Jersey Shore D-Bags : RHP Barry Garner | Batting: LHB Juan Cortés | 0-0: Called Strike 0-1: Foul Ball, location: 2F 0-2: Ball 1-2: Strikes out swinging | Batting: LHB Robert Moore | 0-0: Ball 1-0: Foul Ball, location: 2F 1-1: Fly out, F7 (Flyball, 7S) | Batting: LHB Jimmy Vickers | 0-0: Ball 1-0: Ball 2-0: Ball 3-0: Base on Balls | Batting: RHB Pat Fernández | 0-0: 2-RUN HOME RUN (Flyball, 78XD), Distance : 396 ft | Pitching: RHP Alex Stanford | | Batting: RHB Casey Fox | 0-0: Swinging Strike 0-1: Ball 1-1: Ball 2-1: Ball 3-1: Called Strike 3-2: Base on Balls | Batting: RHB Robert Buckley | 0-0: Called Strike 0-1: Ball Casey Fox steals 2nd base 1-1: Ball 2-1: Foul Ball, location: 2F 2-2: SINGLE (Flyball, 78S) Casey Fox to third Runner from 3rd tries for Home, SAFE, throw made home | Batting: RHB Ramiro Chávez | 0-0: Foul Ball, location: 2F 0-1: Called Strike 0-2: Fielders Choice at 2nd, 6-4 (Groundball, 6) | Bottom of the 6th over - 3 runs, 2 hits, 0 errors, 1 left on base; Jersey Shore 8 - Greenville 10 | TOP OF THE 7TH |
---|
Jersey Shore D-Bags batting - Pitching for Greenville 84s : LHP Mario Solíz | Pitching: RHP David Bishop | | Batting: LHB António Cedeńo | 0-0: Ground out 4-3 (Groundball, 34) | Pitching: LHP Raymond Ritchie | | Batting: LHB Ray Bryant | 0-0: Swinging Strike 0-1: Ball 1-1: Ball 2-1: Foul Ball, location: 2F 2-2: Ball 3-2: Fly out, F8 (Flyball, 8LM) | Batting: LHB Albert Morgan | 0-0: Fly out, F5 (Popup, 15) | Top of the 7th over - 0 runs, 0 hits, 0 errors, 0 left on base; Jersey Shore 8 - Greenville 10 | BOTTOM OF THE 7TH |
---|
Greenville 84s batting - Pitching for Jersey Shore D-Bags : RHP Alex Stanford | Batting: LHB Mario Cornelo | 0-0: Ground out 6-3 (Groundball, 56) | Batting: RHB Carlos Torres | 0-0: Ball 1-0: Ball 2-0: Swinging Strike 2-1: Ball 3-1: Called Strike 3-2: Foul Ball, location: 2F 3-2: Ground out 3-1 (Groundball, 34) | Batting: LHB Juan Cortés | 0-0: Ball 1-0: Ball 2-0: Ball 3-0: Fly out, F6 (Line Drive, 6) | Bottom of the 7th over - 0 runs, 0 hits, 0 errors, 0 left on base; Jersey Shore 8 - Greenville 10 | TOP OF THE 8TH |
---|
Jersey Shore D-Bags batting - Pitching for Greenville 84s : LHP Raymond Ritchie | Pitching: RHP Dave Smith | | Batting: RHB Mike Ingram | 0-0: Called Strike 0-1: Ball 1-1: Foul Ball, location: 2F 1-2: Strikes out swinging | Batting: RHB José Pinto | 0-0: Called Strike 0-1: Ball 1-1: Foul Ball, location: 2F 1-2: Ball 2-2: Foul Ball, location: 2F 2-2: Ball 3-2: Foul Ball, location: 2F 3-2: Strikes out swinging | Batting: LHB Juan Hernández | 0-0: SINGLE (Groundball, 34D) | Batting: RHB Ricardo González | 0-0: Ball 1-0: Called Strike 1-1: Ball 2-1: Foul Ball, location: 2F 2-2: Ball 3-2: Foul Ball, location: 2F 3-2: Fly out, F8 (Flyball, 8LD) | Top of the 8th over - 0 runs, 1 hit, 0 errors, 1 left on base; Jersey Shore 8 - Greenville 10 | BOTTOM OF THE 8TH |
---|
Greenville 84s batting - Pitching for Jersey Shore D-Bags : RHP Alex Stanford | Batting: LHB Robert Moore | 0-0: Ball 1-0: Swinging Strike 1-1: Ball 2-1: Ball 3-1: SINGLE (Groundball, 6D) | Batting: LHB Jimmy Vickers | 0-0: Ball 1-0: Fly out, F7 (Flyball, 78XD) | Batting: RHB Pat Fernández | 0-0: Called Strike 0-1: Foul Ball, location: 2F 0-2: Grounds into double play, 1-6-3 (Groundball, 13) | Bottom of the 8th over - 0 runs, 1 hit, 0 errors, 0 left on base; Jersey Shore 8 - Greenville 10 | TOP OF THE 9TH |
---|
Jersey Shore D-Bags batting - Pitching for Greenville 84s : RHP Dave Smith | Pitching: LHP Francisco Ríos | | Batting: RHB Ben Morton | 0-0: Called Strike 0-1: Ball 1-1: Ball 2-1: SINGLE (Groundball, 34D) | Batting: RHB Miguel Serna | 0-0: Ball 1-0: Swinging Strike 1-1: Called Strike 1-2: Foul Ball, location: 2F 1-2: Foul Ball, location: 2F 1-2: Foul Ball, location: 2F 1-2: Ball 2-2: Fly out, F9 (Flyball, 9S) | Pinch Hitting: RHB Francisco Sandoval | 0-0: Called Strike 0-1: Swinging Strike 0-2: Foul Ball, location: 2F 0-2: Ball 1-2: Ball 2-2: Ground out U3 (Groundball, 34) Ben Morton to second | Batting: LHB Ray Bryant | 0-0: Called Strike 0-1: Foul Ball, location: 2F 0-2: Ball 1-2: Strikes out swinging | Top of the 9th over - 0 runs, 1 hit, 0 errors, 1 left on base; Jersey Shore 8 - Greenville 10 | |